Map: Dead of Night

Players

NamroodTuo

  • Race: Terran Terran
  • Spawn Location: 0:00

Phydros

  • Race: Zerg Zerg

VOD

Have the link to the VOD?

Description

Time

  • Played on: June 15, 2023, 12:32 p.m.
  • Length: 33:24
Show
View Real Time Build Order
Export as new Build Order

NamroodTuo Terran 

Build Orders:  

Get SALT Encoding   

  12  0:08  SCV  
  13  0:23  Supply Depot  
  13  0:26  SCV  
  14  0:43  SCV  
  15  0:50  Barracks  
  15  1:00  SCV  
  15  1:09  Supply Depot  
  16  1:21  Refinery  
  16  1:35  SCV  
  16  1:36  Supply Depot  
  17  1:52  SCV  
  18  2:03  Refinery  
  18  2:12  Supply Depot  
  18  2:14  SCV  
  18  2:18  Barracks Tech Lab  
  19  2:33  Bunker  
  19  2:41  Bunker  
  19  2:45  SCV  
  20  3:02  Engineering Bay, Marine, SCV  
  22  3:15  Marauder  
  24  3:29  Marine  
  25  3:42  Marauder  
  25  3:49  Unknown  
  27  3:52  SCV  
  27  3:57  Terran Infantry Weapons Level 1, Marine  
  29  4:09  SCV, Marine  
  31  4:33  Missile Turret  
  31  4:50  SCV  
  32  5:04  Missile Turret  
  32  5:07  SCV  
  33  5:26  SCV  
  34  5:34  Refinery  
  34  5:39  Unknown, Concussive Shells  
  34  5:43  SCV  
  35  5:57  Marine  
  36  6:08  SCV  
  36  6:09  Medic  
  37  6:17  Supply Depot  
  39  6:22  Marine  
  39  6:25  SCV  
  41  6:34  Medic  
  41  6:37  Structure Armor  
  43  6:41  SCV  
  43  6:45  Factory  
  43  6:47  Neosteel Frame  
  44  6:58  SCV  
  45  7:15  SCV  
  46  7:27  Missile Turret  
  46  7:32  Marine, SCV  
  48  7:45  Medic  
  48  7:49  SCV  
  51  7:58  Marauder  
  53  8:00  Missile Turret  
  53  8:05  Factory Tech Lab  
  53  8:06  SCV  
  53  8:07  Starport  
  54  8:12  Marine  
  55  8:52  Supply Depot  
  55  8:53  SCV, Terran Infantry Armor Level 1  
  55  8:56  Marauder  
  53  9:00  Starport Tech Lab  
  53  9:10  SCV  
  53  9:15  Cloaking Field  
  54  9:20  Supply Depot  
  54  9:24  Supply Depot  
  54  9:27  SCV  
  55  9:36  Banshee  
  58  9:44  SCV  
  59  9:53  Supply Depot  
  59  9:56  Supply Depot  
  59  10:01  SCV  
  59  10:06  Banshee  
  63  10:18  SCV  
  64  10:25  Supply Depot  
  64  10:26  Siege Tank  
  67  10:35  SCV  
  67  10:36  Marauder, Banshee  
  66  10:51  Marauder  
  66  10:52  SCV  
  67  11:05  Banshee  
  67  11:06  Marine  
  71  11:19  Marauder  
  73  11:33  Marine  
  71  11:47  Armory  
  68  11:53  Banshee  
  71  12:23  Banshee  
  71  12:24  Missile Turret  
  71  12:26  Siege Tank  
  73  12:48  Siege Tank  
  76  12:53  Banshee  
  76  12:56  Missile Turret  
  79  13:09  SCV  
  80  13:11  Siege Tank  
  83  13:23  Banshee  
  83  13:26  SCV  
  87  13:33  Siege Tank  
  90  13:43  SCV  
  91  13:56  Siege Tank  
  94  14:00  SCV  
  94  14:08  Banshee  
  95  14:23  Supply Depot  
  92  14:38  Banshee  
  95  14:59  Supply Depot  
  95  15:08  Banshee  
  98  15:21  Terran Vehicle and Ship Weapons Level 1  
  98  15:31  Supply Depot  
  98  15:38  Banshee  
  101  16:02  Supply Depot  
  101  16:08  Banshee  
  104  16:38  Banshee  
  107  16:48  Siege Tank  
  110  17:08  Banshee  
  113  17:10  Siege Tank  
  116  17:33  Siege Tank  
  116  17:38  Banshee  
  119  17:55  Siege Tank  
  122  18:01  Terran Vehicle And Ship Armor Level 1  
  122  18:08  Banshee  
  125  18:38  Banshee  
  122  19:08  Banshee  
  125  19:19  Siege Tank  
  128  19:26  Terran Infantry Weapons Level 2  
  128  19:38  Banshee  
  131  19:41  Siege Tank  
  131  19:49  Missile Turret  
  131  20:22  Bunker  
  130  20:32  Marauder  
  132  20:47  Marine  
  133  20:55  Terran Vehicle and Ship Weapons Level 2  
  127  21:00  Marauder  
  133  21:02  Supply Depot  
  135  21:31  Marine  
  135  21:36  Supply Depot  
  136  21:42  Supply Depot  
  136  21:44  Marine  
  137  21:53  Viking  
  139  22:06  SCV  
  139  22:09  Supply Depot  
  137  22:14  Viking  
  137  22:15  Supply Depot  
  137  22:19  Siege Tank  
  142  22:23  SCV  
  143  22:31  Missile Turret  
  143  22:35  Viking  
  143  22:36  Terran Infantry Armor Level 2  
  145  22:40  SCV, Supply Depot  
  145  22:41  Siege Tank  
  149  22:56  Viking  
  149  22:58  Missile Turret  
  151  23:03  Siege Tank  
  154  23:16  Viking  
  156  23:37  Viking  
  155  23:58  Banshee  
  156  24:05  Terran Vehicle And Ship Armor Level 2  
  156  24:28  Banshee  
  159  24:33  Phobos Weapons System  
  159  24:58  Viking  
  161  25:19  Banshee  
  164  25:49  Viking  
  153  26:10  Banshee  
  156  26:31  SCV  
  154  26:48  SCV  
  155  27:05  SCV  
  156  27:11  Siege Tank  
  156  27:15  Terran Vehicle and Ship Weapons Level 3  
  156  27:34  Siege Tank  
  159  27:55  Bunker  
  159  27:56  Siege Tank  
  159  27:59  Bunker  
  155  28:19  Siege Tank  
  147  28:41  Siege Tank  
  143  29:26  SCV  
  141  29:41  Supply Depot  
  141  29:43  SCV  
  141  29:47  Banshee  
  142  30:00  SCV  
  143  30:11  Supply Depot  
  143  30:17  SCV, Viking  
  146  30:34  SCV  
  146  30:38  Banshee  
  150  30:44  Supply Depot  
  147  31:08  Viking  
  148  31:29  Viking  
  192  31:50  Banshee  
  151  32:19  Viking  
  153  32:40  Banshee  
Show
View Real Time Build Order
Export as new Build Order

Phydros Zerg 

Build Orders:  

Get SALT Encoding   

  12  0:05  Drone  
  13  0:16  Overlord  
  13  0:25  Drone  
  14  0:54  Drone  
  14  0:56  Drone x2  
  14  0:57  Drone x3  
  20  1:25  Drone x2  
  20  1:29  Overlord  
  22  1:54  Hatchery  
  21  2:02  Drone x2  
  21  2:03  Drone x2  
  21  2:09  Extractor  
  24  2:13  Extractor  
  23  2:31  Drone x3  
  26  2:40  Overlord  
  26  2:58  Drone x2  
  28  3:09  Spawning Tool  
  27  3:33  Drone x2  
  27  3:34  Drone x2  
  31  3:40  Metabolic Boost  
  31  4:05  Drone x3  
  31  4:06  Drone  
  35  4:14  Extractor  
  34  4:29  Drone  
  35  4:30  Drone x4  
  35  4:31  Drone x3  
  42  4:52  Hatchery  
  41  5:06  Evolution Chamber  
  40  5:11  Pneumatized Carapace  
  40  5:18  Overseer  
  40  5:23  Overseer  
  40  5:28  Overlord x3  
  40  5:29  Overlord x3  
  40  5:32  Hardened Ergonergy Shield  
  40  5:56  Overseer  
  40  6:05  Zerg Melee Weapons Level 1  
  40  6:08  Drone x3  
  43  6:19  Evolution Chamber  
  42  6:23  Evolution Chamber  
  42  6:26  Drone  
  42  6:31  Zergling x2  
  42  6:32  Zergling x26  
  56  7:01  Zerg Ground Armor Level 1  
  56  7:06  Zergling x2  
  56  7:07  Zergling x18  
  66  7:12  Overlord  
  66  7:33  Zergling x16  
  65  8:11  Zergling x2  
  65  8:12  Zergling x24  
  65  8:13  Zergling x2  
  58  8:56  Zergling x2  
  58  8:57  Zergling x28  
  71  9:13  Hydralisk Den  
  68  9:33  Zerg Missile Weapons Level 1, Zerg Melee Weapons Level 2  
  68  9:50  Infestation Pit  
  68  9:55  Zergling x2  
  68  9:56  Zergling x26  
  68  9:57  Zergling x2  
  79  10:47  Zerg Ground Armor Level 2  
  71  12:16  Overlord x4  
  71  12:17  Overlord x2  
  62  12:33  Drone  
  63  12:42  Ultralisk Cavern  
  63  12:49  Zergling x8  
  78  12:50  Zergling x8  
  61  12:52  Hydralisk x2  
  61  12:53  Hydralisk x4  
  81  13:24  Zerg Missile Weapons Level 2, Zerg Melee Weapons Level 3  
  79  13:33  Electrostatic Surprise  
  79  13:39  Muscular Augments  
  54  14:00  Ultralisk x4  
  76  14:39  Erudition Missile Launchers  
  76  14:49  Zergling x2  
  76  14:50  Zergling x24  
  76  14:51  Zergling x8  
  92  15:59  Hydralisk  
  94  16:00  Hydralisk x10  
  114  16:37  Ultralisk x2  
  112  17:21  Zergling x2  
  112  17:22  Zergling x2  
  112  17:24  Hydralisk x5  
  112  17:25  Hydralisk  
  98  18:25  Zerg Missile Weapons Level 3  
  98  18:29  Zergling x6  
  98  18:30  Zergling x30  
  116  19:28  Drone x4  
  116  19:29  Spire  
  115  21:22  Zerg Ground Armor Level 3  
  115  21:30  Hydralisk x7  
  115  21:31  Hydralisk x5  
  115  21:33  Ultralisk  
  145  21:42  Overlord x2  
  145  21:43  Overlord x2  
  137  22:36  Zergling x8  
  137  22:37  Zergling x28  
  150  23:37  Ultralisk x3  
  150  23:39  Ultralisk x2  
  130  23:59  Hydralisk x2  
  125  24:00  Hydralisk x12  
  125  24:01  Zergling x2  
  125  24:02  Zergling x24  
  125  24:03  Zergling x10  
  125  24:08  Zergling x7  
  125  24:09  Zergling x47  
  127  24:47  Hydralisk  
  127  24:48  Hydralisk x11  
  142  25:51  Overseer x3  
  142  25:52  Overseer x5  
  142  25:53  Overseer  
  142  25:57  Overlord x3  
  142  25:58  Overlord x2  
  120  27:46  Zergling x2  
  120  27:47  Zergling x22  
  120  27:48  Hydralisk  
  120  27:49  Hydralisk x5  
  124  28:14  Zergling x8  
  124  28:15  Zergling x4  
  128  29:03  Hatchery  
  128  29:05  Hatchery  
  116  29:46  Baneling Nest  
  113  30:13  Zergling x2  
  113  30:14  Zergling x28  
  128  30:34  Drone  
  128  30:35  Drone x9  
  126  31:06  Zergling x2  
  126  31:07  Zergling x16  
  129  31:16  Hatchery x2  
  129  31:17  Spine Crawler  
  129  31:18  Spine Crawler  
  124  31:20  Spine Crawler  
  124  31:21  Spine Crawler  
  124  31:23  Spine Crawler  
  124  31:25  Spine Crawler  
  124  31:26  Spine Crawler  
  118  31:57  Zergling x2  
  118  31:58  Zergling x40  
  118  31:59  Zergling x6  
Tags
 
Matchup
Co-op
Replay Pack
Multiplayer
Add a new tag
Caveats
  • Supply blocks, unpowered buildings, or Contaminate may cause inaccurate times.
  • Supply counts are checked every 10 seconds.